 Dungeon Crawl Stone Soup version 0.29-a0-398-ge13fd1374b (webtiles) character file.

Game seed: 17054107919016238180

336 holysushi the Cutter (level 6, -4/33 HPs)
             Began as a Vine Stalker Monk on May 12, 2022.
             Was an Initiate of Gozag.
             Splashed by a jelly's acid (7 damage)
             ... on level 4 of the Dungeon on May 13, 2022.
             The game lasted 00:03:32 (3276 turns).

holysushi the Cutter (Vine Stalker Monk)            Turns: 3276, Time: 00:03:34

Health: -4/33      AC: -13   Str: 14    XL:     6   Next: 54%
Magic:  0/7        EV: 12    Int: 10    God:    Gozag
Gold:   432        SH:  4    Dex: 18    Spells: 5/5 levels left

rFire   . . .      SeeInvis .   a - +0 short sword
rCold   . . .      Faith    .   d - +0 buckler
rNeg    . . .      Spirit   +   b - +0 robe
rPois   .          Reflect  .   (no helmet)
rElec   .          Harm     .   l - +0 cloak
rCorr   .          Rampage  .   (no gloves)
Will    .....                   (no boots)
Stlth   +++.......              (no amulet)
HPRegen 0.91/turn               (no ring)
MPRegen 0.10/turn               (no ring)

@: corroded
A: fangs 2, regeneration 1, magic shield, antimagic bite, no potion heal 2
a: Renounce Religion, Potion Petition, Call Merchant, Bribe Branch


You were on level 4 of the Dungeon.
You worshipped Gozag.
Gozag was aware of your devotion.
You visited 1 branch of the dungeon, and saw 4 of its levels.

You collected 432 gold pieces.

Inventory:

Hand Weapons
 a - a +0 short sword (weapon)
Armour
 b - a +0 robe (worn)
 d - a +0 buckler (worn)
 l - a +0 cloak (worn)
Wands
 k - a wand of flame (23)
Scrolls
 f - a scroll of fog {unknown}
 g - a scroll of vulnerability {unknown}
 h - 2 scrolls of poison {unknown}
 m - a scroll of teleportation
 q - 2 scrolls of fear {unknown}
Potions
 c - a potion of ambrosia
 e - a potion of lignification {unknown}
 i - 2 potions of curing {unknown}
 n - a potion of mutation {unknown}
 o - 2 potions of haste {unknown}
 p - a potion of brilliance {unknown}


   Skills:
 + Level 4.1 Fighting
 * Level 5.0 Short Blades
 + Level 2.6 Dodging
 - Level 4.0 Stealth


You had 5 spell levels left.
You didn't know any spells.
Your spell library was empty.

Dungeon Overview and Level Annotations

Branches:
Dungeon (4/15)
 Temple: D:4-7

Altars:
Gozag


Innate Abilities, Weirdness & Mutations

You have extremely sharp teeth.
Your natural rate of healing is unusually fast.
When hurt, damage is shared between your health and your magic reserves.
Your bite disrupts and absorbs the magic of your enemies.
Potions cannot restore your health.


Message History

There is a stone staircase leading down here.
You climb downwards.
You hear the sound of rushing water.
There is an entrance to a sewer on this level.
Hurry and find it before the portal rusts away!
There is a stone staircase leading up here.
As you read the scroll of magic mapping, it crumbles to dust.
You feel aware of your surroundings.
You sensed 1 shop/portal.
Found a scroll labelled MOIFITHR SUAWNA.
q - 2 scrolls labelled MOIFITHR SUAWNA (gained 1)
You hear the slow rusting of a drain nearby.
There is a stone staircase leading up here.
Found a scroll of magic mapping.
A jelly comes into view.
The jelly quivers.
The jelly hits you.
You are splashed with acid!
You hit the jelly.
Your hands burn!
You bite the jelly. You drain its power.
You feel invigorated.
The jelly is moderately wounded.
You hit the jelly but do no damage. The acid corrodes you!
Your hands burn!
You bite the jelly. You drain its power.
You feel invigorated.
The jelly is heavily wounded.
The jelly hits you. The acid corrodes you!
You are splashed with acid.
You barely miss the jelly.
The jelly is heavily wounded.
The jelly misses you. The jelly attacks as you move away! The jelly misses you.
The jelly attacks as you move away! The jelly hits you. The acid corrodes you!
You are splashed with acid!
* * * LOW HITPOINT WARNING * * *
You hit the jelly but do no damage.
Your hands burn!
The jelly is heavily wounded.
The jelly misses you.
You hit the jelly but do no damage. The acid corrodes you!
Your hands burn!
* * * LOW HITPOINT WARNING * * *
The jelly is heavily wounded.
The jelly hits you.
* * * LOW HITPOINT WARNING * * *
You are splashed with acid!
You die...
Your body crumbles into a pile of gold.

##### #...###############
******#####....J@...........#
,,,,,,......?.#############.#
******#####..## #.# * #..*
#.# **********#..* #.#
,,,,,,,,,*#..* #.#
,,,,,,,,,,...* #<#
******,,,##.#* #.# * **,**#.*
*******#.#


You could see a jelly.

Vanquished Creatures
  Natasha (thrice) (D:2)
  4 worms
  3 dart slugs
  3 orcs (D:3)
  7 ball pythons
  7 bats
  5 endoplasms
  5 giant cockroaches
  8 goblins
  9 hobgoblins
  9 jackals (D:2)
  3 quokkas
  4 frilled lizards
  4 kobolds
  5 rats
79 creatures vanquished.

Vanquished Creatures (collateral kills)
  Sigmund (D:2)
1 creature vanquished.

Grand Total: 80 creatures vanquished

Notes
Turn   | Place    | Note
-------+----------+-------------------------------------------
     0 | D:1      | holysushi the Vine Stalker Monk began the quest for the
                  | Orb.
     0 | D:1      | Reached XP level 1. HP: 11/11 MP: 2/2
    76 | D:1      | Reached skill level 3 in Short Blades
    76 | D:1      | Reached XP level 2. HP: 16/16 MP: 3/3
   744 | D:1      | Reached XP level 3. HP: 17/20 MP: 2/4
  1043 | D:1      | Found a faded altar of an unknown god.
  1447 | D:1      | Prayed at the altar of an unknown god.
  1447 | D:1      | Became a worshipper of Gozag Ym Sagoz the Greedy
  1703 | D:2      | Noticed Natasha
  1712 | D:2      | Killed Natasha
  1713 | D:2      | Gained mutation: Your natural rate of healing is unusually
                  | fast. [Vine Stalker growth]
  1713 | D:2      | Reached XP level 4. HP: 21/24 MP: 5/5
  2121 | D:2      | Noticed Sigmund
  2137 | D:2      | Killed Sigmund
  2138 | D:2      | Reached skill level 4 in Short Blades
  2138 | D:2      | Reached XP level 5. HP: 8/29 MP: 1/6
  2138 | D:2      | Reached XP level 6. HP: 10/33 MP: 1/7
  2459 | D:2      | Noticed Natasha
  2472 | D:2      | Killed Natasha
  2493 | D:2      | Noticed Natasha
  2497 | D:2      | Killed Natasha
  2894 | D:3      | Reached skill level 5 in Short Blades
  3276 | D:4      | Splashed by a jelly's acid

Illustrated notes

Levels and vault maps discovered:
D:1:      kennysheep_arrival_seaside, layout_loops_corners,
          basic_ecumenical_altar, minmay_split_cup_small
D:2:      layout_loops_corners, uniq_sigmund, uniq_natasha
D:3:      layout_loops_ring, minivault_11, nrook_mini_backslash,
          guppyfry_early_orc_mine
D:4:      layout_loops_ring, gup_sewer_entry_bubbles, hangedman_minor_gate_pass

Skill      XL: |  1  2  3  4  5  6 |
---------------+-------------------+-----
Short Blades   | 3 4 5 |  5.0
Fighting       | 3 4 |  4.1
Stealth        | 3 4 |  4.0
Dodging        | |  2.6

Action                   |  1- 3 |  4- 6 || total
-------------------------+-------+-------++-------
Melee: Short sword       |    85 |    92 ||   177
       Bite              |    22 |    32 ||    54
Evoke: Wand              |       |     1 ||     1
  Use: Scroll            |       |     5 ||     5
 Stab: Sleeping          |    13 |    10 ||    23
       Distracted        |     1 |       ||     1
Armor: Robe              |     9 |     3 ||    12
Dodge: Dodged            |    46 |    33 ||    79
Block: Buckler           |    15 |    16 ||    31

Table legend: (Time is in decaauts)
 A = Elapsed time spent in this place.
 B = Non-inter-level travel time spent in this place.
 C = Inter-level travel time spent in this place.
 D = Time resting spent in this place.
 E = Time spent auto-exploring this place.
 F = Levels seen in this place.
 G = Mean time per level.
                   A        B        C        D        E       F      G
               +--------+--------+--------+--------+--------+-----+--------+
         Total |   3278 |   3111 |    167 |    384 |   2046 |   4 |  819.5 |
       Dungeon |   3278 |   3111 |    167 |    384 |   2046 |   4 |  819.5 |
               +--------+--------+--------+--------+--------+-----+--------+

Top non-repeatable levels by time:
     D:1: 1462 daAuts
     D:2: 1056 daAuts
     D:3: 680 daAuts
     D:4: 77 daAuts
